 Dungeon Crawl Stone Soup version 0.23.0-3-gf3c87f2 (webtiles) character file.

Game seed: 54499947208875839

8260 wolfsongas the Covered (level 11, -9/83 HPs)
             Began as a Gnoll Wanderer on Feb 21, 2019.
             Was an Initiate of Gozag.
             Mangled by a cyan ugly thing (11 damage)
             ... on level 9 of the Dungeon on Feb 22, 2019.
             The game lasted 00:18:09 (11729 turns).

wolfsongas the Covered (Gnoll Wanderer)            Turns: 11729, Time: 00:18:10

Health: -9/83      AC: 20    Str: 13    XL:     11   Next: 28%
Magic:  21/21      EV:  5    Int: 17    God:    Gozag
Gold:   851        SH: 10    Dex: 18    Spells: 22/23 levels left

rFire    + . .     SeeInvis .   j - +7 whip "Avich" {freeze, MR+ Str-5 Dex+6}
rCold    . . .     Gourm    .   i - +0 shield
rNeg     . . .     Faith    .   w - +3 plate armour {rF+}
rPois    .         Spirit   .   (no helmet)
rElec    .         Reflect  .   (no cloak)
rCorr    .         Harm     .   d - +1 pair of gloves
MR       +++..                  p - +0 pair of boots
Stlth    ..........             (no amulet)
HPRegen  0.23/turn              f - ring of protection from magic
MPRegen  0.17/turn              t - ring of protection from magic

@: no status effects
A: distributed training, fangs 1, strong nose
a: Potion Petition, Call Merchant, Bribe Branch, Renounce Religion


You were on level 9 of the Dungeon.
You worshipped Gozag.
Gozag was pleased with you.
You were not hungry.

You visited 2 branches of the dungeon, and saw 11 of its levels.

You collected 1130 gold pieces.
You spent 150 gold pieces at shops.
You paid 129 gold pieces to Gozag.

Inventory:

Hand Weapons
 c - a +3 dagger of speed
 j - the +7 whip "Avich" (weapon) {freeze, MR+ Str-5 Dex+6}
   (You found it on level 4 of the Dungeon)

   It has been specially enchanted to freeze those struck by it, causing extra
   injury to most foes and up to half again as much damage against particularly
   susceptible opponents.
   It can also slow down cold-blooded creatures.
   It affects your strength (-5).
   It affects your dexterity (+6).
   It affects your resistance to hostile enchantments.
Armour
 a - a +2 scale mail
 d - a +1 pair of gloves (worn)
 i - a +0 shield (worn)
 p - a +0 pair of boots (worn)
 w - a +3 plate armour of fire resistance (worn)
Jewellery
 f - a ring of protection from magic (left hand)
 l - an uncursed ring of wizardry
 t - a ring of protection from magic (right hand)
 x - an uncursed ring of protection from fire
Wands
 k - a wand of polymorph (3)
 m - a wand of flame (17)
 z - a wand of clouds (3)
Scrolls
 e - 8 scrolls of remove curse
 q - a scroll of blinking
 s - a scroll of torment
 v - 2 scrolls of enchant weapon
 y - a scroll of amnesia {unknown}
 A - 2 scrolls of enchant armour
Potions
 b - a potion of ambrosia
 g - 2 potions of brilliance
 h - 2 potions of cancellation
 o - a potion of curing
 r - 2 potions of flight
 u - a potion of magic
Comestibles
 n - 12 rations


   Skills:
 + Level 6.6 Fighting
 + Level 6.0 Short Blades
 + Level 6.0 Long Blades
 + Level 6.0 Axes
 + Level 6.0 Maces & Flails
 + Level 6.0 Polearms
 + Level 6.0 Staves
 + Level 6.0 Slings
 + Level 6.0 Bows
 + Level 6.0 Crossbows
 + Level 6.0 Throwing
 + Level 7.6 Armour
 + Level 6.0 Dodging
 + Level 6.5 Stealth
 + Level 6.6 Shields
 + Level 6.0 Unarmed Combat
 + Level 6.7 Spellcasting
 + Level 5.0 Conjurations
 + Level 5.0 Hexes
 + Level 5.0 Charms
 + Level 5.0 Summonings
 + Level 5.0 Necromancy
 + Level 5.0 Translocations
 + Level 5.0 Transmutations
 + Level 5.0 Fire Magic
 + Level 6.3 Ice Magic
 + Level 5.0 Air Magic
 + Level 6.3 Earth Magic
 + Level 5.0 Poison Magic
 + Level 6.6 Invocations
 + Level 6.0 Evocations


You had 22 spell levels left.
You knew the following spells:

 Your Spells              Type           Power        Failure   Level  Hunger
a - Beastly Appendage     Tmut           ###...       98%         1    None

Your spell library contained the following spells:

 Spells                   Type           Power        Failure   Level  Hunger
 Summon Butterflies       Summ           ###.....     98%         1    None
 Corpse Rot               Necr           N/A          99%         2    None
 Sublimation of Blood     Necr           ###.......   99%         2    None
 Call Canine Familiar     Summ           ###.....     100%        3    ##.....
 Ignite Poison            Fire/Tmut/Pois ###.....     100%        3    ##.....
 Summon Ice Beast         Ice/Summ       ####....     100%        4    ####...
 Agony                    Necr           ###.....     100%        5    #####..
 Bolt of Draining         Conj/Necr      ###.......   100%        5    #####..
 Dispel Undead            Necr           ###.....     100%        5    #####..
 Excruciating Wounds      Chrm/Necr      ###.......   100%        5    #####..
 Summon Mana Viper        Hex/Summ       ###.....     100%        5    #####..
 Summon Hydra             Summ           ###.......   100%        7    #######


Dungeon Overview and Level Annotations

Branches:
Dungeon (10/15)            Temple (1/1) D:7             Orc (0/2) D:9
   Lair: D:8-11

Altars:
Ashenzari
Cheibriados
Dithmenos
Fedhas
Gozag
Hepliaklqana
Kikubaaqudgha
Okawaru
Qazlal
Ru
Trog
Vehumet
Zin

Shops:
D:8 *

Annotations:
D:7 Harold


Innate Abilities, Weirdness & Mutations

Your experience applies equally to all skills.
You have very sharp teeth.
Your uncanny sense of smell can sniff out nearby items.


Message History

You barely miss the cyan ugly thing.
You bite the cyan ugly thing, but do no damage.
The cyan ugly thing is almost dead.
The cyan ugly thing barely misses you.
You hit the cyan ugly thing but do no damage.
The cyan ugly thing is almost dead.
The cyan ugly thing stings you.
* * * LOW HITPOINT WARNING * * *
The cyan ugly thing shocks you!
* * * LOW HITPOINT WARNING * * *
You hit the cyan ugly thing. You freeze the cyan ugly thing.
The cyan ugly thing is almost dead.
You closely miss the cyan ugly thing.
The cyan ugly thing is almost dead.
The cyan ugly thing stings you but does no damage.
You hit the cyan ugly thing but do no damage.
The cyan ugly thing is almost dead.
The cyan ugly thing stings you!
You die...
Your body crumbles into a pile of gold.

#.......# #...#####
##.## ##
###.############.
#................
#.#.#####)......)
#.#.# #.#####..
##.#># #.# #..
##@...# #.#####..
#.u...# #.....(..
#....## ######..#
#.#.## #... #.#.#
#... #...# #...
#..## #########...
#..#####...........
#........#######.#.


You could see a cyan ugly thing.

Vanquished Creatures
  A two-headed ogre (D:9)
  Pikel (D:6)
  The ghost of sasquatch the Carver, a novice FoFi of Zin (D:6)
  A manticore (D:7)
  Joseph (D:7)
  A merfolk (D:9)
  A troll (D:7)
  Grinder (D:3)
  2 hippogriffs
  Sigmund (D:6)
  Eustachio (D:5)
  A warg (D:9)
  A water moccasin (D:6)
  4 orc warriors
  A black bear (D:7)
  4 slaves (D:6)
  5 ice beasts
  3 sky beasts
  An ogre (D:9)
  A necrophage (D:9)
  2 phantoms
  5 centaurs
  3 big kobolds (D:7)
  4 bullfrogs
  5 scorpions
  A water moccasin skeleton (D:8)
  3 killer bees (D:9)
  6 wights
  An electric eel (D:9)
  3 crimson imps
  2 quasits
  A bullfrog zombie (D:6)
  4 orc priests
  2 hounds
  4 orc wizards
  3 bullfrog skeletons
  Ijyb (D:3)
  6 iguanas
  5 worker ants
  A killer bee zombie (D:8)
  4 hound skeletons
  8 gnolls
  10 adders
  3 shadow imps
  An adder skeleton (D:7)
  A worm (D:2)
  4 dart slugs
  7 leopard geckos
  22 orcs
  7 bats
  3 giant cockroaches
  8 hobgoblins
  6 jackals
  22 kobolds
  5 quokkas
  8 frilled lizards
  13 goblins
  5 rats
232 creatures vanquished.

Vanquished Creatures (collateral kills)
  A cyclops (D:7)
1 creature vanquished.

Grand Total: 233 creatures vanquished

Notes
Turn   | Place    | Note
-------+----------+-------------------------------------------
     0 | D:1      | wolfsongas the Gnoll Wanderer began the quest for the Orb.
     0 | D:1      | wolfsongas set off with the following items: a +2 scale
                  | mail, a potion of curing, a +0 club, a ration; and the
                  | following spell memorised: Beastly Appendage; and the
                  | following spells available to memorise: Ignite Poison
     0 | D:1      | Reached XP level 1. HP: 17/17 MP: 4/4
    74 | D:1      | Reached XP level 2. HP: 21/23 MP: 5/5
   659 | D:2      | Reached XP level 3. HP: 28/28 MP: 7/7
   749 | D:2      | Reached skill level 1 in Invocations
  1101 | D:2      | Reached skill level 1 in Short Blades
  1101 | D:2      | Reached skill level 1 in Long Blades
  1101 | D:2      | Reached skill level 1 in Axes
  1101 | D:2      | Reached skill level 1 in Maces & Flails
  1101 | D:2      | Reached skill level 1 in Polearms
  1101 | D:2      | Reached skill level 1 in Staves
  1101 | D:2      | Reached skill level 1 in Slings
  1101 | D:2      | Reached skill level 1 in Bows
  1101 | D:2      | Reached skill level 1 in Crossbows
  1101 | D:2      | Reached skill level 1 in Throwing
  1101 | D:2      | Reached skill level 1 in Dodging
  1101 | D:2      | Reached skill level 1 in Unarmed Combat
  1101 | D:2      | Reached skill level 1 in Evocations
  1139 | D:2      | Reached XP level 4. HP: 34/34 MP: 8/8
  1484 | D:3      | Noticed Ijyb
  1627 | D:3      | Reached skill level 1 in Conjurations
  1627 | D:3      | Reached skill level 1 in Hexes
  1627 | D:3      | Reached skill level 1 in Charms
  1627 | D:3      | Reached skill level 1 in Summonings
  1627 | D:3      | Reached skill level 1 in Necromancy
  1627 | D:3      | Reached skill level 1 in Translocations
  1627 | D:3      | Reached skill level 1 in Transmutations
  1627 | D:3      | Reached skill level 1 in Fire Magic
  1627 | D:3      | Reached skill level 1 in Air Magic
  1627 | D:3      | Reached skill level 1 in Poison Magic
  2007 | D:3      | Killed Ijyb
  2007 | D:3      | Reached XP level 5. HP: 35/40 MP: 9/9
  2127 | D:3      | Noticed Grinder
  2155 | D:3      | Paralysed by Grinder for 2 turns
  2161 | D:3      | Killed Grinder
  2161 | D:3      | Reached skill level 5 in Armour
  2161 | D:3      | Reached XP level 6. HP: 24/47 MP: 9/11
  2473 | D:4      | Noticed a hippogriff
  2494 | D:4      | Killed a hippogriff
  2494 | D:4      | Reached XP level 7. HP: 26/52 MP: 12/12
  3789 | D:4      | Got a shimmering whip
  3790 | D:4      | Identified the +7 whip "Avich" {freeze, MR+ Str-5 Dex+6}
                  | (You found it on level 4 of the Dungeon)
  4022 | D:5      | Entered Level 5 of the Dungeon
  4034 | D:5      | Reached XP level 8. HP: 60/60 MP: 14/14
  4867 | D:6      | Found a runed translucent door.
  4867 | D:6      | Noticed sasquatch's ghost (novice FoFi)
  4879 | D:6      | Killed sasquatch's ghost
  4879 | D:6      | Reached skill level 6 in Armour
  4879 | D:6      | Reached skill level 5 in Ice Magic
  4879 | D:6      | Reached skill level 5 in Earth Magic
  4879 | D:6      | Reached XP level 9. HP: 33/66 MP: 14/16
  5027 | D:6      | Noticed Pikel
  5037 | D:6      | Noticed Sigmund
  5041 | D:6      | Noticed Eustachio
  5272 | D:5      | Killed Eustachio
  5272 | D:5      | Reached skill level 5 in Spellcasting
  5535 | D:6      | Killed Sigmund
  5596 | D:6      | Reached skill level 5 in Fighting
  5596 | D:6      | Reached skill level 5 in Shields
  5714 | D:6      | Reached skill level 5 in Stealth
  5892 | D:6      | Killed Pikel
  5892 | D:6      | Reached skill level 5 in Invocations
  5975 | D:6      | Reached XP level 10. HP: 74/74 MP: 18/18
  6428 | D:7      | Reached skill level 5 in Short Blades
  6428 | D:7      | Reached skill level 5 in Long Blades
  6428 | D:7      | Reached skill level 5 in Axes
  6428 | D:7      | Reached skill level 5 in Maces & Flails
  6428 | D:7      | Reached skill level 5 in Polearms
  6428 | D:7      | Reached skill level 5 in Staves
  6428 | D:7      | Reached skill level 5 in Slings
  6428 | D:7      | Reached skill level 5 in Bows
  6428 | D:7      | Reached skill level 5 in Crossbows
  6428 | D:7      | Reached skill level 5 in Throwing
  6428 | D:7      | Reached skill level 5 in Dodging
  6428 | D:7      | Reached skill level 5 in Unarmed Combat
  6428 | D:7      | Reached skill level 5 in Evocations
  6753 | D:7      | Noticed Harold
  6843 | D:7      | Found a staircase to the Ecumenical Temple.
  6844 | D:7      | Noticed Joseph
  6852 | Temple   | Entered the Ecumenical Temple
  7325 | Temple   | Became a worshipper of Gozag Ym Sagoz the Greedy
  7363 | D:7      | Killed Joseph
  7651 | D:7      | Reached skill level 7 in Armour
  8364 | D:7      | Noticed a manticore
  8869 | D:7      | Killed a manticore
  8921 | D:7      | Noticed a cyclops
  8948 | D:7      | Killed a cyclops
  9769 | D:8      | Found Ugeneal's Assorted Antiques.
  9777 | D:8      | Bought a scroll labeled TADUZXALEG for 25 gold pieces
  9777 | D:8      | Bought a tubular copper ring for 125 gold pieces
 10172 | D:9      | Noticed a two-headed ogre
 10192 | D:9      | Killed a two-headed ogre
 10192 | D:9      | Reached XP level 11. HP: 45/83 MP: 20/20
 10397 | D:9      | Found a radiant altar of Vehumet.
 11100 | D:9      | Reached skill level 5 in Conjurations
 11100 | D:9      | Reached skill level 5 in Hexes
 11100 | D:9      | Reached skill level 5 in Charms
 11100 | D:9      | Reached skill level 5 in Summonings
 11100 | D:9      | Reached skill level 5 in Necromancy
 11100 | D:9      | Reached skill level 5 in Translocations
 11100 | D:9      | Reached skill level 5 in Transmutations
 11100 | D:9      | Reached skill level 5 in Fire Magic
 11100 | D:9      | Reached skill level 5 in Air Magic
 11100 | D:9      | Reached skill level 5 in Poison Magic
 11115 | D:9      | Found a staircase to the Orcish Mines.
 11597 | D:10     | Entered Level 10 of the Dungeon
 11597 | D:10     | Noticed a cyan ugly thing
 11668 | D:10     | Noticed a two-headed ogre
 11726 | D:9      | HP: 2/83 [cyan ugly thing (15)]
 11729 | D:9      | Mangled by a cyan ugly thing

Skill      XL: |  1  2  3  4  5  6  7  8  9 10 11 |
---------------+----------------------------------+-----
Invocations    | 1 2 3 4 5 6 |  6.6
Short Blades   | 1 2 3 4 5 6 |  6.0
Long Blades    | 1 2 3 4 5 6 |  6.0
Axes           | 1 2 3 4 5 6 |  6.0
Maces & Flails | 1 2 3 4 5 6 |  6.0
Polearms       | 1 2 3 4 5 6 |  6.0
Staves         | 1 2 3 4 5 6 |  6.0
Slings         | 1 2 3 4 5 6 |  6.0
Bows           | 1 2 3 4 5 6 |  6.0
Crossbows      | 1 2 3 4 5 6 |  6.0
Throwing       | 1 2 3 4 5 6 |  6.0
Dodging        | 1 2 3 4 5 6 |  6.0
Unarmed Combat | 1 2 3 4 5 6 |  6.0
Evocations     | 1 2 3 4 5 6 |  6.0
Spellcasting   | 3 4 5 6 |  6.7
Conjurations   | 1 2 3 4 5 |  5.0
Hexes          | 1 2 3 4 5 |  5.0
Charms         | 1 2 3 4 5 |  5.0
Summonings     | 1 2 3 4 5 |  5.0
Necromancy     | 1 2 3 4 5 |  5.0
Translocations | 1 2 3 4 5 |  5.0
Transmutations | 1 2 3 4 5 |  5.0
Fire Magic     | 1 2 3 4 5 |  5.0
Air Magic      | 1 2 3 4 5 |  5.0
Poison Magic   | 1 2 3 4 5 |  5.0
Fighting       | 3 4 5 6 |  6.6
Armour         | 5 6 7 |  7.6
Stealth        | 3 4 5 6 |  6.5
Shields        | 3 4 5 6 |  6.6
Ice Magic      | 4 5 6 |  6.3
Earth Magic    | 4 5 6 |  6.3

Action                   |  1- 3 |  4- 6 |  7- 9 | 10-12 || total
-------------------------+-------+-------+-------+-------++-------
Melee: Club              |    76 |       |       |       ||    76
       Bite              |    13 |    12 |    49 |    62 ||   136
       Mace              |    36 |       |       |       ||    36
       Dagger            |    50 |   142 |   113 |       ||   305
       Unarmed           |       |    28 |       |       ||    28
       Punch             |       |     1 |     2 |       ||     3
       Whip              |       |       |   246 |   556 ||   802
Invok: Potion Petition   |       |       |       |     1 ||     1
  Use: Potion            |     2 |     1 |     7 |     7 ||    17
       Scroll            |     5 |     3 |     7 |    11 ||    26
 Stab: Invisible         |       |       |     4 |     2 ||     6
       Sleeping          |       |       |     1 |     3 ||     4
       Distracted        |       |       |       |     2 ||     2
  Eat: Ration            |       |     2 |     3 |     6 ||    11
       Chunk             |       |     1 |       |       ||     1
Armor: Scale mail        |   105 |    75 |   172 |    91 ||   443
       Skin              |       |     4 |    17 |       ||    21
       Plate armour      |       |       |       |   145 ||   145
Dodge: Dodged            |    94 |    76 |   138 |   155 ||   463
Block: Shield            |       |       |   153 |   244 ||   397
